 Dungeon Crawl Stone Soup version 0.18-a0-1800-gdc7a371 (webtiles) character file.

175 graki42 the Sneak (level 5, -2/34 HPs)
             Began as a Halfling Assassin on Apr 24, 2016.
             Slain by an orc
             ... wielding a +3 hand axe
              (5 damage)
             ... on level 4 of the Dungeon.
             The game lasted 00:06:16 (2564 turns).

graki42 the Sneak (Halfling Assassin)               Turns: 2564, Time: 00:06:17

Health: -2/34      AC:  4    Str: 11    XL:     5   Next: 85%
Magic:  14/14      EV: 21    Int: 10    God:
Gold:   244        SH:  0    Dex: 22    Spells: 0 memorised, 4 levels left

rFire  . . .     SeeInvis .     a - +2 dagger
rCold  . . .     Gourm    .     i - +0 leather armour
rNeg   . . .     Faith    .     (shield restricted)
rPois  .         Spirit   .     (no helmet)
rElec  .         Dismiss  .     d - +0 cloak
rCorr  .         Reflect  .     (no gloves)
SustAt .         Harm     .     (no boots)
MR     .....                    w - amulet of magic regeneration
Stlth  +++++.....               (no ring)
                                r - ring of magical power

@: agile, flying, not resistant to hostile enchantments, quite stealthy
A: mutation resistance 1
a: no special abilities


You were on level 4 of the Dungeon.
You were very hungry.

You visited 1 branch of the dungeon, and saw 4 of its levels.

You collected 244 gold pieces.

Inventory:

Hand Weapons
 a - a +2 dagger (weapon)
 b - a +0 blowgun
Missiles
 e - 28 poisoned needles
Armour
 d - a +0 cloak (worn)
 i - a +0 leather armour (worn)
Jewellery
 r - a ring of magical power (left hand)
 w - an amulet of magic regeneration (around neck)
Scrolls
 h - 2 scrolls of identify {unknown}
 k - 4 scrolls of amnesia {unknown}
 l - a scroll of fog {unknown}
 o - 2 scrolls of fear {unknown}
 q - a scroll of enchant weapon {unknown}
 s - 2 scrolls of remove curse {unknown}
 u - a scroll of enchant armour {unknown}
Potions
 c - a potion of agility
 j - a potion of magic
 n - a potion of flight
Comestibles
 g - 3 bread rations
 m - a meat ration
 t - 2 beef jerkies


   Skills:
 + Level 2.2 Fighting
 + Level 3.4 Short Blades
 + Level 2.5 Throwing
 + Level 1.3 Armour
 + Level 3.0 Dodging
 + Level 5.9 Stealth


You had 4 spell levels left.
You didn't know any spells.

Dungeon Overview and Level Annotations

Branches:
Dungeon (4/15)
 Temple: D:4-7

Altars:


Innate Abilities, Weirdness & Mutations

You are small and have problems with some larger weapons.
You are somewhat resistant to further mutation.


Message History

* * * LOW HITPOINT WARNING * * *
The orc priest hits you with a dagger.
* * * LOW HITPOINT WARNING * * *
You hit the orc priest.
The orc priest is almost dead.
The orc misses you. The orc priest misses you.
You hit the orc priest but do no damage.
The orc priest is severely wounded.
The orc priest hits you but does no damage.
The orc completely misses you.
You hit the orc priest.
You kill the orc priest!
Your Dodging skill increases to level 3!
You hit the orc.
The orc is almost dead.
The orc misses you.
You closely miss the orc.
The orc is severely wounded.
The orc hits you with an enchanted hand axe.
You die...

#.# # ... .#
#.##. .o.o #o.
#.# #)## ##.#)##
#.###@# #########
##.#o####.......#
#......##.......#
#.#.##.##.......#
# #..#.##.......#
# ##.#.##.......#
#.##.#.##.......#
#......#####.####
####.#######.#


You could see an orc.

Vanquished Creatures
  2 orc priests (D:4)
  4 adders
  2 dart slugs
  3 giant geckos (D:2)
  2 orcs (D:4)
  5 giant cockroaches
  9 goblins
  7 hobgoblins
  7 jackals (D:2)
  A quokka (D:2)
  9 bats
  A giant newt (D:2)
  7 kobolds
  6 rats
65 creatures vanquished.

Notes
Turn   | Place    | Note
--------------------------------------------------------------
     0 | D:1      | graki42 the Halfling Assassin began the quest for the Orb.
     0 | D:1      | Reached XP level 1. HP: 14/14 MP: 1/1
   380 | D:1      | Reached XP level 2. HP: 19/19 MP: 2/2
   759 | D:1      | Reached XP level 3. HP: 24/24 MP: 3/3
   940 | D:2      | Reached skill level 5 in Stealth
  1341 | D:2      | Reached XP level 4. HP: 16/29 MP: 4/4
  2148 | D:3      | Reached XP level 5. HP: 34/34 MP: 5/5
  2545 | D:4      | Reached skill level 1 in Armour
  2564 | D:4      | Slain by an orc

Vault maps used:
D:1:      dpeg_arrival_three_smaller_balls, minivault_24
D:2:      st_stairs_7
D:3:      first_bread
D:4:      lemuel_crystal_altar, kennysheep_opposing_triangles

Skill      XL: |  1  2  3  4  5 |
---------------+----------------+-----
Short Blades   | 3 |  3.4
Stealth        | 5 |  5.9
Fighting       | 2 |  2.2
Dodging        | 2 3 |  3.0
Armour         | 1 |  1.3
Throwing       | |  2.5

Action                   |  1- 3 |  4- 6 || total
-------------------------+-------+-------++-------
Melee: Dagger            |   132 |   126 ||   258
 Fire: Blowgun           |       |     2 ||     2
  Use: Potion            |       |     5 ||     5
 Stab: Sleeping          |     9 |     5 ||    14
       Distracted        |     1 |       ||     1
  Eat: Chunk             |     1 |     3 ||     4
Armor: Leather armour    |    44 |    28 ||    72
Dodge: Dodged            |   103 |    95 ||   198
